 Dungeon Crawl Stone Soup version 0.29-a0-845-g6161e89988 (webtiles) character file.

Game seed: 9684266640498808006

18 jlumianski the Trooper (level 2, 0/24 HPs)
             Began as a Demonspawn Fighter on July 15, 2022.
             Slain by Natasha (8 damage)
             ... on level 1 of the Dungeon.
             The game lasted 00:01:38 (257 turns).

jlumianski the Trooper (Demonspawn Fighter)          Turns: 257, Time: 00:01:39

Health: 0/24       AC:  7    Str: 16    XL:     2   Next: 51%
Magic:  2/2        EV:  8    Int:  9    God:
Gold:   10         SH:  4    Dex: 12    Spells: 1/1 levels left

rFire   . . .      SeeInvis .   a - +0 war axe
rCold   . . .      Faith    .   c - +0 buckler
rNeg    . . .      Spirit   .   b - +0 scale mail
rPois   .          Reflect  .   (no helmet)
rElec   .          Harm     .   (no cloak)
rCorr   .          Rampage  .   (no gloves)
Will    .....                   g - +0 pair of boots
Stlth   ..........              (no amulet)
HPRegen 0.08/turn               (no ring)
MPRegen 0.08/turn               (no ring)

@: mighty, slowed, very slow
A: ignite blood 1
a: no special abilities


You were on level 1 of the Dungeon.
You visited 1 branch of the dungeon, and saw 2 of its levels.

You collected 10 gold pieces.

Inventory:

Hand Weapons
 a - a +0 war axe (weapon)
 f - a +0 dagger
Missiles
 h - 4 stones (quivered)
Armour
 b - a +0 scale mail (worn)
 c - a +0 buckler (worn)
 g - a +0 pair of boots (worn)
Scrolls
 e - a scroll of identify {unknown}


   Skills:
 + Level 3.2 Fighting
 + Level 2.0 Axes
 + Level 2.9 Armour
 + Level 3.0 Shields


You had one spell level left.
You didn't know any spells.
Your spell library was empty.

Dungeon Overview and Level Annotations

Branches:
Dungeon (2/15)

Altars:

Annotations:
D:1 Natasha


Innate Abilities, Weirdness & Mutations

Your demonic aura sometimes causes spilled blood to erupt in flames.


Message History

There is a stone staircase leading up here.
Natasha hisses.
There is a stone staircase leading up here.
You climb upwards.
There is a stone staircase leading down here.
You climb downwards.
Level annotation: Natasha Natasha howls an incantation.
Natasha's front paws start to glow.
Natasha casts a spell at you. You resist with significant effort.
There is a stone staircase leading up here.
Natasha claws you but does no damage.
You climb upwards.
There is a stone staircase leading down here.
You barely miss Natasha. Natasha claws you. x2
You hit Natasha.
Natasha is moderately wounded.
Natasha mumbles some strange words.
You barely miss Natasha.
Natasha is moderately wounded.
Natasha claws you but does no damage. Natasha casts a spell at you.
The magic dart hits you.
You barely miss Natasha.
Natasha is moderately wounded.
The crimson imp blinks!
Natasha claws you.
You barely miss Natasha.
Natasha is moderately wounded.
The crimson imp blinks!
Natasha casts a spell at you.
You feel yourself slow down. Natasha casts a spell at you.
You feel as though you will be slow longer.
You feel very mighty all of a sudden. You block Natasha's attack.
You barely miss Natasha.
Natasha is moderately wounded.
Natasha claws you!
You die...

...........#
.#
.......#.#.#
..
.......#.#.#
.#
...........#
...........#
.##........#
..# #.###
#@..# #h###
#5# #.# #.#
#.. ###


You could see Natasha and a crimson imp (summoned).

Vanquished Creatures
  An endoplasm (D:1)
  A goblin (D:1)
  3 hobgoblins (D:1)
  A kobold (D:1)
  3 quokkas (D:1)
  3 ball pythons (D:1)
  A bat (D:1)
  A frilled lizard (D:1)
  3 rats
17 creatures vanquished.

Notes
Turn   | Place    | Note
-------+----------+-------------------------------------------
     0 | D:1      | jlumianski the Demonspawn Fighter began the quest for the
                  | Orb.
     0 | D:1      | Reached XP level 1. HP: 18/18 MP: 1/1
    82 | D:1      | Gained mutation: Your demonic aura sometimes causes spilled
                  | blood to erupt in flames. [demonic ancestry]
    82 | D:1      | Reached XP level 2. HP: 24/24 MP: 2/2
   127 | D:2      | Noticed Natasha
   128 | D:2      | Noticed a crimson imp
   253 | D:1      | Noticed a crimson imp
   257 | D:1      | Slain by Natasha

Illustrated notes

Levels and vault maps discovered:
D:1:      dpeg_arrival_water_temple_mockup, layout_basic,
          dreamdust_ecumenical_altar_angels_and_demons, dk_noncrumbling_4,
          minmay_ruptured
D:2:      layout_loops_ring, basic_altar, uniq_natasha

Skill      XL: |  1  2 |
---------------+-------+-----
Axes           | 2 |  2.0
Shields        | 3 |  3.0
Fighting       | |  3.2
Armour         | |  2.9

Action                   || total
-------------------------++-------
Melee: War axe           ||    34
  Use: Potion            ||     1
Armor: Scale mail        ||    14
Dodge: Dodged            ||    14
Block: Buckler           ||     9

Table legend: (Time is in decaauts)
 A = Elapsed time spent in this place.
 B = Non-inter-level travel time spent in this place.
 C = Inter-level travel time spent in this place.
 D = Time resting spent in this place.
 E = Time spent auto-exploring this place.
 F = Levels seen in this place.
 G = Mean time per level.
                   A        B        C        D        E       F      G
               +--------+--------+--------+--------+--------+-----+--------+
         Total |    275 |    275 |      0 |     22 |     57 |   2 |  137.5 |
       Dungeon |    275 |    275 |      0 |     22 |     57 |   2 |  137.5 |
               +--------+--------+--------+--------+--------+-----+--------+

Top non-repeatable levels by time:
     D:1: 255 daAuts
     D:2: 20 daAuts
